[Event "45th FIDE Olympiad 2024"]
[Site "Budapest"]
[Date "2024.09.13"]
[Round "3.8"]
[White "Gledura, Benjamin"]
[Black "Blohberger, Felix"]
[Result "1-0"]
[ECO "C65"]
[WhiteElo "2628"]
[BlackElo "2520"]
[Annotator "RC"]
[PlyCount "57"]
[EventDate "2024.09.05"]
[EventType "team-tourn"]
[EventCountry "HUN"]
[SourceTitle "playchess.com"]
[Source "ChessBase"]
[SourceQuality "1"]
[WhiteTeam "Hungary"]
[BlackTeam "Austria"]
[WhiteTeamCountry "HUN"]
[BlackTeamCountry "AUT"]
[TimeControl "40/5400+30:1800+30"]

1. e4 e5 2. Nf3 Nc6 3. Bb5 Nf6 4. d3 Bc5 5. Bxc6 dxc6 6. Nbd2 Be6 7. O-O Bd6 8. Nb3 a5 9. Qe1 a4 10. Na5 Qc8 11. Ng5 Bd7 12. Nc4 O-O 13. f4 Bc5+ 14. Be3 Bxe3+ 15. Nxe3 exf4 16. Rxf4 h6 17. Nf3 Ng4 18. Nf5 Bxf5 19. Rxf5 Re8 20. Qg3 Ne3 21. Nd4 Nxf5 22. Nxf5 g6 23. Rf1 Qd8 24. Nxh6+ Kg7 25. Rxf7+ Kxh6 26. Qh3+ Kg5 27. Qe3+ Kh5 28. Rh7+ Kg4 29. h3# 1-0

[Event "45th FIDE Olympiad 2024"]
[Site "Budapest"]
[Date "2024.09.13"]
[Round "3.8"]
[White "Arunnuntapanich, Tinnakrit"]
[Black "Kalka, Shiva"]
[Result "1-0"]
[ECO "D53"]
[WhiteElo "2064"]
[BlackElo "1849"]
[Annotator "NA RC"]
[PlyCount "103"]
[EventDate "2024.09.05"]
[EventType "team-tourn"]
[EventCountry "HUN"]
[SourceTitle "playchess.com"]
[Source "ChessBase"]
[SourceQuality "1"]
[WhiteTeam "Thailand"]
[BlackTeam "Suriname"]
[WhiteTeamCountry "THA"]
[BlackTeamCountry "SUR"]
[TimeControl "40/5400+30:1800+30"]

1. d4 Nf6 2. c4 e6 3. Nc3 d5 4. Bg5 Be7 5. e3 h6 6. Bh4 O-O 7. cxd5 Nxd5 8. Bxe7 Qxe7 9. Nf3 Rd8 10. Rc1 Nxc3 11. Rxc3 c6 12. Qb3 Nd7 13. Bc4 b6 14. O-O Bb7 15. Rfc1 c5 16. Be2 Rac8 17. Qa3 a5 18. Ne1 e5 19. Bf3 Bxf3 20. Nxf3 e4 21. Nd2 Qe6 22. Qb3 Qxb3 23. Nxb3 a4 24. Nd2 f5 25. f3 Nf6 26. fxe4 fxe4 27. Nf1 Rb8 28. dxc5 bxc5 29. R1c2 Rd5 30. Rc4 a3 31. b3 Rd1 32. Rc1 Rbd8 33. h3 Rxc1 34. Rxc1 Nd5 35. Rxc5 Nb4 36. Ra5 Nc2 37. Rc5 Nb4 38. Rc4 Nxa2 39. Ra4 Nc1 40. Rxa3 Rd1 41. b4 Kf7 42. b5 Ke6 43. Ra6+ Ke5 44. b6 Rd8 45. b7 Rb8 46. Rc6 Nd3 47. Rc7 g6 48. Ng3 h5 49. h4 Nb4 50. Rc5+ Nd5 51. Rb5 Ke6 52. Nxe4 1-0

[Event "45th FIDE Olympiad 2024"]
[Site "Budapest"]
[Date "2024.09.13"]
[Round "3.9"]
[White "Gukesh, D."]
[Black "Kozak, Adam"]
[Result "1-0"]
[ECO "E11"]
[WhiteElo "2764"]
[BlackElo "2609"]
[Annotator "TA"]
[PlyCount "107"]
[EventDate "2024.09.05"]
[EventType "team-tourn"]
[EventCountry "HUN"]
[SourceTitle "playchess.com"]
[Source "ChessBase"]
[SourceQuality "1"]
[WhiteTeam "India"]
[BlackTeam "Hungary B"]
[WhiteTeamCountry "IND"]
[TimeControl "40/5400+30:1800+30"]

1. d4 Nf6 2. c4 e6 3. Nf3 Bb4+ 4. Nbd2 d5 5. Qa4+ Nc6 6. e3 O-O 7. a3 Bxd2+ {[%emt 0:09:28] The old main line.} 8. Bxd2 Ne4 9. Rd1 {[%emt 0:09:21] E11: Bogo-Indian.} Ne7 10. Bd3 b6 11. Qc2 Bb7 12. O-O h6 $146 ({Predecessor:} 12... Ng6 13. Be1 a5 14. Ne5 Qe7 15. f3 Nd6 16. cxd5 exd5 17. Bg3 Rfc8 18. e4 dxe4 19. fxe4 {1-0 Khalifman,A (2660)-Knaak,R (2555) Bundesliga 9899 1998 (3.3)}) 13. Bc1 a5 14. b3 Ng6 15. Bb2 f5 16. a4 Rf7 17. Ne1 Rc8 18. f3 Nf6 19. Be2 Qe8 (19... Nd7 $14) 20. Nd3 Nd7 21. Rfe1 Ne7 22. Bf1 Nc6 23. Ba3 Nf6 24. Rc1 Rd7 25. Nf4 Qf7 26. c5 Rdd8 27. Bb5 Nd7 28. Qd2 Qf6 (28... Ndb8 $16 29. Qe2 Na7) 29. Rc2 $18 g5 30. Nd3 Ndb8 31. Rec1 Qg7 32. Qe1 Kh8 33. Ne5 Nxe5 34. dxe5 c6 35. Bd3 bxc5 (35... b5 {keeps fighting.} 36. Qxa5 (36. axb5 cxb5 37. Bxb5 Nc6 $18) 36... bxa4 37. bxa4 g4 38. fxg4 fxg4) 36. Rxc5 $18 Nd7 37. Rxa5 Nxe5 38. Bf1 Ra8 39. Rc2 Ng6 40. Bb2 e5 41. Rxa8 Bxa8 42. a5 Kh7 43. a6 Rb8 44. b4 Qa7 45. Rc5 Qe7 46. Qc3 Rd8 47. Qc2 e4 48. fxe4 fxe4 49. b5 Qc7 50. bxc6 Rf8 51. Bb5 Ne7 52. Rxd5 Rf7 53. Qxe4+ Kg8 54. Qd4 1-0

[Event "45th FIDE Olympiad 2024"]
[Site "Budapest"]
[Date "2024.09.13"]
[Round "3.9"]
[White "Sanchez Alvarez, Roberto Carlos"]
[Black "Ebosse, Kingue Victor Patric"]
[Result "1-0"]
[ECO "A65"]
[WhiteElo "2376"]
[BlackElo "2014"]
[Annotator "RC"]
[PlyCount "77"]
[EventDate "2024.09.05"]
[EventType "team-tourn"]
[EventCountry "HUN"]
[SourceTitle "playchess.com"]
[Source "ChessBase"]
[SourceQuality "1"]
[WhiteTeam "Panama"]
[BlackTeam "Cameroon"]
[WhiteTeamCountry "PAN"]
[BlackTeamCountry "CAM"]
[TimeControl "40/5400+30:1800+30"]

1. d4 Nf6 2. c4 g6 3. Nc3 Bg7 4. e4 d6 5. f3 O-O 6. Nge2 c5 7. d5 e6 8. Ng3 exd5 9. cxd5 a6 10. a4 Nbd7 11. Be2 h5 12. Bg5 Qa5 13. Bd2 Qc7 14. Nf1 Re8 15. Ne3 Rb8 16. O-O Ne5 17. b3 Qe7 18. h3 Ned7 19. Nc4 Ne5 20. Na3 Ned7 21. Rc1 Nh7 22. f4 Bd4+ 23. Kh1 Ndf6 24. Bf3 Bd7 25. Qe2 b5 26. axb5 axb5 27. Naxb5 Bxc3 28. Nxc3 Rxb3 29. Rfe1 Qd8 30. e5 Bf5 31. Qd1 Rxc3 32. Bxc3 Ng4 33. Re2 dxe5 34. Qe1 e4 35. hxg4 hxg4 36. Bxe4 g3 37. Bxf5 Rxe2 38. Qxe2 gxf5 39. Qh5 1-0

[Event "45th FIDE Olympiad 2024"]
[Site "Budapest"]
[Date "2024.09.13"]
[Round "3.10"]
[White "Banusz, Tamas"]
[Black "Praggnanandhaa, R."]
[Result "0-1"]
[ECO "A08"]
[WhiteElo "2605"]
[BlackElo "2750"]
[Annotator "TA"]
[PlyCount "126"]
[EventDate "2024.09.05"]
[EventType "team-tourn"]
[EventCountry "HUN"]
[SourceTitle "playchess.com"]
[Source "ChessBase"]
[SourceQuality "1"]
[WhiteTeam "Hungary B"]
[BlackTeam "India"]
[BlackTeamCountry "IND"]
[TimeControl "40/5400+30:1800+30"]

1. Nf3 d5 2. g3 c5 3. Bg2 Nf6 4. O-O e6 5. d3 Nc6 6. a4 Be7 7. Bf4 Bd6 8. Bxd6 {[%emt 0:03:43] The position is equal.} Qxd6 9. Nbd2 e5 10. e4 d4 11. Nc4 Qc7 12. c3 Bg4 13. h3 Bxf3 14. Bxf3 O-O 15. Qb3 g6 16. a5 Qe7 17. Kg2 h5 18. h4 Rab8 19. Rfc1 Rfd8 20. Be2 Ne8 21. Nd2 Nc7 22. Nf3 Ne6 23. Ra4 b5 24. axb6 Rxb6 25. Qa2 Rdb8 26. Rc2 a5 27. Nd2 (27. Qd5 $11 {remains equal.}) 27... Rb5 (27... g5 $17 28. Bxh5 gxh4) 28. Bf1 (28. Qa1 $15) 28... Qf6 29. Nf3 Kg7 (29... g5 $1 $17 {White must now prevent ...gxh4.} 30. hxg5 Nxg5) 30. Be2 $15 Qe7 31. Bf1 ({Better is} 31. Bd1 $15) 31... Qb7 $17 32. Qd5 c4 33. Qxc4 Rc5 34. Qa2 {[%emt 0:00:08] [#]} Nb4 $1 35. cxb4 Rxc2 36. Nxe5 Qe7 {[%emt 0:04:11] Black is more active.} (36... axb4 37. Ra7 b3 38. Qa3 $16) 37. Qb1 Rc7 38. Rxa5 (38. bxa5 $2 Nc5 39. Nxg6 fxg6 $19) 38... Qxb4 39. Ra2 Rbb7 (39... Rb5 $1 $15 40. Nc4 g5 41. hxg5 Rxg5) 40. Nc4 $11 Ra7 41. Qa1 Qb8 (41... Rxa2 {keeps more tension.} 42. Qxa2 Qe1 43. Qa3 g5) 42. Rxa7 Rxa7 43. Qd1 Qa8 44. Qf3 ({White should play} 44. f4 $11) 44... Ra1 $15 {[%emt 0:03:10][%mdl 1024] Black has compensation.} 45. Be2 Qa2 $1 46. Nd6 {[%emt 0:00:00] [#]} Nd8 (46... Qxb2 47. Qxf7+ (47. Nxf7 $2 Qb1 $19) 47... Kh8 48. Qe8+ (48. Qxe6 Qxe2 49. Qc8+ Kh7 $16) (48. Qxg6 Nf4+ 49. gxf4 Rg1+ 50. Kxg1 Qc1+ 51. Kh2 Qh1+ 52. Kxh1 $11) 48... Kg7 49. Qe7+ Kh8 50. Nf7+ (50. Qxe6 Qxe2 51. Qf6+ Kh7 $11) 50... Kg8 51. Nh6+ (51. Qxe6 Kg7 $18) 51... Kh8 52. Qe8+ (52. Qxe6 Rg1+ 53. Kf3 Qb8 $18) 52... Kg7 53. Qg8+ Kf6 54. Qf7+ Ke5 55. Qe7 (55. Qxg6 Kd6 $18)) 47. Kh2 Qb1 {[%emt 0:04:12] And now ...Qg1+ would win.} (47... Qxb2 48. Qf4 $17) 48. Kh3 Qh1+ ({Inferior is} 48... Qxb2 49. e5 $11) (48... Kf8 $142 49. b4 Qg1 (49... Qxb4 $2 50. Qf6 $18)) 49. Qxh1 $17 Rxh1+ {[%emt 0:00:05][%mdl 4096] Endgame. KRN-KBN} 50. Kg2 Re1 51. Bf1 Nc6 52. Nc4 Nb4 53. f4 f6 54. Kf2 Rd1 55. e5 {[%emt 0:00:57] [#]} (55. f5 $142) 55... f5 $1 ({Of course not} 55... Nxd3+ $6 56. Ke2 Re1+ 57. Kxd3 $11) 56. Bg2 $2 {[%emt 0:02:12] White does not recover from this.} (56. Be2 $17 {might work better.} Nxd3+ 57. Kf3 Ne1+ 58. Kf2) 56... Rxd3 $19 57. Bf3 Na6 58. Be2 (58. e6 {only move.} Kf6 59. Ne5 Rd2+ 60. Be2) 58... Rb3 59. Bd1 Rb4 60. b3 Nc5 61. Nd2 Ne4+ {[%emt 0:01:38] Black is clearly winning.} 62. Ke1 Nxg3 63. Nc4 Ne4 {[%emt 0:00:18] Weighted Error Value: White=0.25 (precise) /Black=0.08 (flawless) .  Loses game:     	White=1     	---        Mistake:       	White=6     	Black=4      Inaccurate:     	White=5     	---        OK:         	White=25    	Black=26     Best:        	White=3     	Black=6      Strong:       	---       	Black=2      Brilliant:      	---       	Black=1} 0-1

[Event "45th FIDE Olympiad 2024"]
[Site "Budapest"]
[Date "2024.09.13"]
[Round "3.10"]
[White "Zebaze, Dongmo Loic Dylane"]
[Black "Delgado Rosas, Alex Antonio"]
[Result "0-1"]
[ECO "D00"]
[WhiteElo "1914"]
[BlackElo "2157"]
[Annotator "RC"]
[PlyCount "81"]
[EventDate "2024.09.05"]
[EventType "team-tourn"]
[EventCountry "HUN"]
[SourceTitle "playchess.com"]
[Source "ChessBase"]
[SourceQuality "1"]
[WhiteTeam "Cameroon"]
[BlackTeam "Panama"]
[WhiteTeamCountry "CAM"]
[BlackTeamCountry "PAN"]
[TimeControl "40/5400+30:1800+30"]

1. d4 Nf6 2. Nc3 d5 3. Bf4 a6 4. e3 c5 5. Nf3 cxd4 6. exd4 Nc6 7. Ne5 e6 8. a3 Bd6 9. g4 Qc7 10. Nxc6 Bxf4 11. Nb4 h5 12. gxh5 Rxh5 13. h3 Bd7 14. Nd3 Rh4 15. Rg1 Rc8 16. Nxf4 Qxf4 17. Rxg7 Qh6 18. Rg3 Ke7 19. Qd3 Ne4 20. Nxe4 Rxe4+ 21. Re3 Bb5 22. Qb3 Rxe3+ 23. Qxe3 Qxe3+ 24. fxe3 Bxf1 25. Kxf1 Rxc2 26. b4 Kf6 27. Ke1 Rh2 28. Rc1 Rh1+ 29. Kd2 Rxc1 30. Kxc1 Kg5 31. Kd1 Kh4 32. Ke2 Kxh3 33. Kf3 b5 34. e4 dxe4+ 35. Kxe4 Kg4 36. Ke5 Kg5 37. Kd6 Kf5 38. Ke7 Ke4 39. Kxf7 Kxd4 40. Kxe6 Kc4 41. Ke5 0-1

[Event "45th FIDE Olympiad 2024"]
[Site "Budapest"]
[Date "2024.09.13"]
[Round "3.11"]
[White "Erigaisi, Arjun"]
[Black "Prohaszka, Peter"]
[Result "1-0"]
[ECO "D35"]
[WhiteElo "2778"]
[BlackElo "2542"]
[Annotator "TA"]
[PlyCount "67"]
[EventDate "2024.09.05"]
[EventType "team-tourn"]
[EventCountry "HUN"]
[SourceTitle "playchess.com"]
[Source "ChessBase"]
[SourceQuality "1"]
[WhiteTeam "India"]
[BlackTeam "Hungary B"]
[WhiteTeamCountry "IND"]
[TimeControl "40/5400+30:1800+30"]

1. c4 e6 2. Nc3 d5 3. d4 Nf6 4. Nf3 Be7 5. cxd5 exd5 6. Bf4 Nh5 7. Bd2 O-O 8. e3 {[%emt 0:00:06] The position is equal.} Nf6 9. Bd3 Nbd7 10. Qc2 c6 11. g4 Ne4 12. h4 Re8 13. g5 f5 14. gxf6 $1 Ndxf6 15. Ng5 h6 $1 16. Ncxe4 dxe4 17. Nxe4 Nxe4 18. Bxe4 Be6 19. Rg1 (19. Bc3 $16) 19... Bf6 (19... Bxh4 $11 20. O-O-O Qe7 (20... Bxf2 21. Bh7+ Kh8 22. Rxg7 $16) (20... Bxa2 21. d5 $14)) 20. O-O-O $16 Qe7 21. Bg6 {[%emt 0:05:50] White is more active.} Red8 22. Bc3 (22. Kb1 $16) 22... a5 23. Bf5 (23. b3 $16) 23... Bxa2 {[%emt 0:02:27] [#]} ({Black should try} 23... Bxf5 $1 $14 24. Qxf5 Rd5) 24. Rg6 $1 {[%emt 0:00:06][%cal Od4d5] Threatens to win with d5!} Rf8 $2 {[%emt 0:02:07][%mdl 8192] A mistake that costs the game.} (24... Bxh4 $2 25. d5 cxd5 26. Be6+ $18 (26. Bxg7 d4 $18) (26. Rxg7+ Kf8 $18) (26. Bxg7 Kf7 $18) (26. Rxg7+ Qxg7 27. Be6+ Kh8 $18)) (24... a4 $16 {is tougher.}) 25. Rdg1 $18 Kh8 {[%emt 0:01:11][%cal Oa2g8] [#]} 26. e4 $1 Rf7 27. Qd2 {[%emt 0:00:32][%cal Og6h6] Black must now prevent Rxh6+!} Qf8 28. d5 {[%emt 0:07:04] And now e5 would win.} (28. Bxa5 c5 $14) 28... cxd5 29. e5 (29. Bxa5 $2 {perishes.} dxe4 (29... Bxh4 $2 {too greedy.} 30. Rxg7 Qxg7 31. Rxg7 $18) 30. Bxe4 Rc8+ (30... Bxh4 31. Bc3 $16) 31. Bc3 Be5 $19 (31... Bxh4 32. Rxh6+ Kg8 33. Rh8+ Kxh8 34. Qh6+ Kg8 35. Qh7#) (31... Bxc3 $2 32. bxc3 Rxf2 33. Qd4 $19) (31... Bxh4 32. Rxh6+ Kg8 33. Rh8+ Kxh8 34. Qh6+ Kg8 35. Qh7#) (31... Bxc3 $2 32. bxc3 Qa3+ 33. Kd1 $19)) 29... Bxh4 30. e6 {[%emt 0:00:07] White mates.} Rf6 31. e7 Qxe7 {[%emt 0:00:32] [#]} 32. Qxh6+ $3 gxh6 33. Rxh6+ Qh7 34. Rxh7# {[%emt 0:00:10] Weighted Error Value: White=0.11 (very precise) /Black=0.71.  Loses game:     	---       	Black=1      Mistake:       	White=3     	Black=2      Inaccurate:     	White=1     	Black=4      OK:         	White=8     	Black=5      Best:        	White=3     	Black=1      Strong:       	White=3     	Black=1} 1-0

[Event "45th FIDE Olympiad 2024"]
[Site "Budapest"]
[Date "2024.09.13"]
[Round "3.11"]
[White "Baules Rodriguez, Jorge Luis"]
[Black "Amba, Oyon Marius Claude"]
[Result "1-0"]
[ECO "B43"]
[WhiteElo "2271"]
[BlackElo "1975"]
[Annotator "RC"]
[PlyCount "119"]
[EventDate "2024.09.05"]
[EventType "team-tourn"]
[EventCountry "HUN"]
[SourceTitle "playchess.com"]
[Source "ChessBase"]
[SourceQuality "1"]
[WhiteTeam "Panama"]
[BlackTeam "Cameroon"]
[WhiteTeamCountry "PAN"]
[BlackTeamCountry "CAM"]
[TimeControl "40/5400+30:1800+30"]

1. e4 c5 2. Nf3 e6 3. d4 cxd4 4. Nxd4 a6 5. Nc3 Qc7 6. Bd3 Nf6 7. Qe2 Bc5 8. Nb3 Bb4 9. Bd2 Nc6 10. a3 Bd6 11. g3 Be7 12. f4 d6 13. g4 h6 14. O-O b5 15. Rae1 b4 16. axb4 e5 17. Nd5 Nxd5 18. exd5 Nxb4 19. Bxb4 Qb6+ 20. Bc5 dxc5 21. Bc4 O-O 22. fxe5 Bd7 23. Qe4 Bb5 24. Re2 Rab8 25. Kh1 Bxc4 26. Qxc4 Qg6 27. c3 Qb6 28. Nc1 Qg6 29. Nd3 Qb6 30. Ref2 Bh4 31. Rf3 Bg5 32. R3f2 Bh4 33. Re2 Be7 34. Kg2 Rbc8 35. Ref2 Qb7 36. Kg1 Bg5 37. Re2 Rfd8 38. d6 Rf8 39. Nxc5 Qa7 40. b4 a5 41. Kg2 axb4 42. cxb4 Qa8+ 43. Qe4 Qa3 44. Rf3 Qc1 45. Qd5 Bh4 46. e6 fxe6 47. Nxe6 Rxf3 48. Qxf3 Qd1 49. Rf2 Qxf3+ 50. Rxf3 Rc2+ 51. Kh3 Re2 52. Kxh4 Rxe6 53. Rd3 Re8 54. d7 Rd8 55. b5 Kf7 56. b6 g6 57. b7 Ke7 58. Re3+ Kf6 59. Re8 g5+ 60. Kg3 1-0

[Event "45th FIDE Olympiad 2024"]
[Site "Budapest"]
[Date "2024.09.13"]
[Round "3.12"]
[White "Papp, Gabor"]
[Black "Vidit, Santosh Gujrathi"]
[Result "1/2-1/2"]
[ECO "C07"]
[WhiteElo "2550"]
[BlackElo "2720"]
[Annotator "TA"]
[PlyCount "52"]
[EventDate "2024.09.05"]
[EventType "team-tourn"]
[EventCountry "HUN"]
[SourceTitle "playchess.com"]
[Source "ChessBase"]
[SourceQuality "1"]
[WhiteTeam "Hungary B"]
[BlackTeam "India"]
[BlackTeamCountry "IND"]
[TimeControl "40/5400+30:1800+30"]

1. e4 e6 2. d4 d5 3. Nd2 c5 4. exd5 Qxd5 5. Ngf3 cxd4 6. Bc4 Qd7 7. O-O Nc6 8. Nb3 a6 9. Nbxd4 Nxd4 10. Nxd4 Qc7 {[%emt 0:00:19] Prevents Bf4} 11. Bd3 Nf6 12. Re1 Bd6 13. h3 O-O 14. Bg5 Bh2+ (14... Nd5 {keeps more tension.} 15. Qh5 Bh2+ 16. Kh1 g6) 15. Kh1 Be5 16. Rxe5 Qxe5 17. f4 Qc7 (17... Qxd4 $2 {too greedy.} 18. Bxh7+ Nxh7 19. Qxd4 $18) 18. Bxf6 gxf6 19. Qg4+ (19. Qh5 $5 f5 $8 20. Bxf5 exf5 21. Qg5+ Kh8 22. Qf6+ Kg8 23. Qg5+ Kh8 24. Qf6+ Kg8 25. Qg5+ $11) 19... Kh8 {[%emt 0:00:06] aiming for ...f5.} 20. Qh4 {[%emt 0:00:04][%csl Gd3,LRf6,LRh7][%cal Rh4h7] [#] The position is equal.} f5 {[%emt 0:00:04] ...Rg8 is the strong threat.} 21. Qf6+ Kg8 22. Nxf5 exf5 23. Qg5+ Kh8 24. Qf6+ Kg8 25. Qg5+ Kh8 26. Qf6+ Kg8 {[%emt 0:00:23] Not much happened in this game.   Weighted Error Value: White=0.08 (flawless) /Black=0.04 (flawless) .  Inaccurate:     	White=1     	Black=2      OK:         	White=11    	Black=5      Best:        	White=3     	Black=1} 1/2-1/2

[Event "45th FIDE Olympiad 2024"]
[Site "Budapest"]
[Date "2024.09.13"]
[Round "3.12"]
[White "Makem, Pierre"]
[Black "Schnell, Sebastian Narayana"]
[Result "1/2-1/2"]
[ECO "D00"]
[WhiteElo "1860"]
[BlackElo "2059"]
[Annotator "NA RC"]
[PlyCount "108"]
[EventDate "2024.09.05"]
[EventType "team-tourn"]
[EventCountry "HUN"]
[SourceTitle "playchess.com"]
[Source "ChessBase"]
[SourceQuality "1"]
[WhiteTeam "Cameroon"]
[BlackTeam "Panama"]
[WhiteTeamCountry "CAM"]
[BlackTeamCountry "PAN"]
[TimeControl "40/5400+30:1800+30"]

1. d4 Nf6 2. Bf4 d5 3. e3 e6 4. Nd2 a6 5. Bd3 b5 6. g4 h6 7. h4 c5 8. c3 c4 9. Bc2 Bb7 10. Qf3 Nfd7 11. Qg3 b4 12. Bc7 Qc8 13. Ngf3 a5 14. Ba4 Bc6 15. Bc2 Ra7 16. Bf4 Rb7 17. O-O Be7 18. e4 Na6 19. Rae1 bxc3 20. bxc3 Rb2 21. Bb1 Nb6 22. Ne5 g5 23. Be3 Nd7 24. hxg5 hxg5 25. Ndf3 Rg8 26. Nxd7 Qxd7 27. Ne5 Qc7 28. Qf3 Bd6 29. Nxc6 Qxc6 30. exd5 Qd7 31. Qf6 Qe7 32. Qh6 Qf8 33. Bxg5 Qxh6 34. Bxh6 Rxg4+ 35. Kh1 Rh4+ 36. Kg2 Rxh6 37. dxe6 fxe6 38. Be4 Ke7 39. Rh1 Rxh1 40. Rxh1 Rxa2 41. Rh7+ Kf6 42. Rh6+ Kf7 43. d5 Nc7 44. dxe6+ Ke7 45. Bf5 Bc5 46. Rh7+ Kf6 47. Rf7+ Kg5 48. Bb1 Rxf2+ 49. Rxf2 Bxf2 50. Kxf2 Kf6 51. Ba2 Kxe6 52. Bxc4+ Kd6 53. Ke2 Kc5 54. Kd3 Na8 1/2-1/2

[Event "45th FIDE Olympiad 2024"]
[Site "Budapest"]
[Date "2024.09.13"]
[Round "3.13"]
[White "Fedoseev, Vladimir"]
[Black "Ding, Liren"]
[Result "1/2-1/2"]
[ECO "D02"]
[WhiteElo "2692"]
[BlackElo "2736"]
[Annotator "TA"]
[PlyCount "94"]
[EventDate "2024.09.05"]
[EventType "team-tourn"]
[EventCountry "HUN"]
[SourceTitle "playchess.com"]
[Source "ChessBase"]
[SourceQuality "1"]
[WhiteTeam "Slovenia"]
[BlackTeam "China"]
[WhiteTeamCountry "SLO"]
[BlackTeamCountry "CHN"]
[TimeControl "40/5400+30:1800+30"]

1. d4 Nf6 2. Bf4 d5 3. Nf3 c5 4. e3 e6 5. Nbd2 Qb6 6. Rb1 {[%emt 0:00:10] D02: 1 d4 d5 2 Nf3 sidelines, including 2...Nf6 3 g3 and 2...Nf6 3 Bf4.} Bd6 7. dxc5 Qxc5 8. Bg5 Be7 9. Bd3 O-O $146 ({Predecessor:} 9... Nc6 10. O-O O-O 11. c3 h6 12. b4 Qd6 13. Bh4 Qd8 14. a3 b6 15. Qe2 Bb7 {½-½ Xu,Y (2526)-Xu,Y (2496) CHN-chT Div-A 2024 (5.1)}) 10. O-O h6 11. b4 Qb6 12. Bf4 a5 (12... Bxb4 $2 13. c3 $18) 13. a3 axb4 14. axb4 Nc6 (14... Bxb4 $2 {too greedy.} 15. c3 $18) 15. c3 Rd8 16. b5 Nb8 17. c4 Nbd7 18. h3 Nc5 19. Bc2 Bd6 20. Ne5 Qc7 21. b6 Qe7 22. Qf3 Ncd7 23. Nd3 e5 24. Bg3 e4 25. Bxd6 Qxd6 26. Qf4 Nxb6 27. Qxd6 Rxd6 28. c5 Rc6 (28... exd3 $15 {should be considered.} 29. Bxd3 (29. cxd6 $2 {perishes.} Nc4 $19) 29... Ra3) 29. Rxb6 $11 exd3 30. Bxd3 Rxc5 31. Nf3 Ra3 32. Be2 Rac3 33. Nd4 Rc1 34. g4 Rxf1+ 35. Bxf1 Kf8 36. f3 Ke7 37. Kf2 Ne8 38. h4 Nd6 39. Bd3 Kd7 40. g5 hxg5 41. hxg5 Kc7 42. Rb3 Bd7 43. g6 fxg6 44. Bxg6 Nb5 45. Ne2 Nd6 46. Nd4 Nb5 47. Ne2 Nd6 1/2-1/2

[Event "45th FIDE Olympiad 2024"]
[Site "Budapest"]
[Date "2024.09.13"]
[Round "3.13"]
[White "Al Maashani, Amer"]
[Black "Tissir, Mohamed"]
[Result "0-1"]
[ECO "B23"]
[WhiteElo "1979"]
[BlackElo "2355"]
[Annotator "RC"]
[PlyCount "66"]
[EventDate "2024.09.05"]
[EventType "team-tourn"]
[EventCountry "HUN"]
[SourceTitle "playchess.com"]
[Source "ChessBase"]
[SourceQuality "1"]
[WhiteTeam "Oman"]
[BlackTeam "Morocco"]
[WhiteTeamCountry "OMN"]
[BlackTeamCountry "MAR"]
[TimeControl "40/5400+30:1800+30"]

1. e4 c5 2. Nc3 Nc6 3. f4 e6 4. Nf3 a6 5. g3 b5 6. Bg2 Bb7 7. O-O Rc8 8. d3 Be7 9. Kh1 d6 10. f5 exf5 11. Nd5 fxe4 12. dxe4 Nf6 13. b3 O-O 14. Bb2 Nxd5 15. exd5 Nb8 16. Nd2 Nd7 17. Ne4 f5 18. Qh5 g6 19. Qh6 Ne5 20. c4 Rf7 21. Bh3 Rc7 22. Qe3 bxc4 23. Bxe5 Bxd5 24. Bc3 Bg5 25. Qe2 Bxe4+ 26. Kg1 Bf6 27. Bxf6 Qxf6 28. bxc4 Qd4+ 29. Qf2 Qxc4 30. Rad1 d5 31. Qb2 d4 32. Qb8+ Kg7 33. g4 Qc3 0-1

[Event "45th FIDE Olympiad 2024"]
[Site "Budapest"]
[Date "2024.09.13"]
[Round "3.14"]
[White "Wei, Yi"]
[Black "Demchenko, Anton"]
[Result "1-0"]
[ECO "C50"]
[WhiteElo "2762"]
[BlackElo "2597"]
[Annotator "TA"]
[PlyCount "99"]
[EventDate "2024.09.05"]
[EventType "team-tourn"]
[EventCountry "HUN"]
[SourceTitle "playchess.com"]
[Source "ChessBase"]
[SourceQuality "1"]
[WhiteTeam "China"]
[BlackTeam "Slovenia"]
[WhiteTeamCountry "CHN"]
[BlackTeamCountry "SLO"]
[TimeControl "40/5400+30:1800+30"]

1. e4 e5 2. Nf3 Nc6 3. Bc4 Nf6 4. d3 Bc5 5. a4 d6 6. c3 {[%emt 0:03:44] [#] aiming for b4.} a6 7. Bg5 h6 8. Bh4 {[%emt 0:00:13] The position is equal.} Ba7 9. Nbd2 Ne7 10. Bxf6 gxf6 11. d4 Ng6 12. Nf1 Be6 13. Qb3 Bxc4 14. Qxc4 exd4 15. cxd4 Qd7 16. Ne3 Qc6 17. Rc1 Qxc4 18. Rxc4 (18. Nxc4 Nf4 $11) 18... c6 19. Kd2 h5 20. Rhc1 Kd7 21. g3 Ne7 22. a5 Rab8 23. R1c2 {[%emt 0:03:04] White is more active.} Ke6 ({Black should try} 23... Rhd8 $14) 24. Nh4 $16 Rhd8 25. Nhg2 Kd7 26. Ra4 $36 {[%emt 0:02:33][%mdl 2048] White is on the roll.} Ng6 ({Black should play} 26... Rh8) 27. Nf5 Re8 28. Kd3 b5 (28... Rec8 $16 29. h4 Rc7) 29. axb6 $18 Rxb6 30. b4 Reb8 31. Nge3 {[%emt 0:00:31] A dynamic duo of knights.} Rxb4 32. Rxa6 Bb6 33. Nc4 Bc7 (33... Nf8 $16 {was called for.} 34. d5 (34. Ncxd6 Ne6 $18) (34. Nfxd6 Rb3+ 35. Kd2 Bxd4 $11) 34... cxd5 35. exd5 (35. Ncxd6 Ne6 $11) 35... Ng6 36. Nfxd6 (36. Ncxd6 Rb3+ 37. Ke2 Ne7 $16) 36... Ne7) 34. h4 R4b5 35. Ra7 R8b7 36. Rxb7 Rxb7 37. Ng7 Rb5 38. Ra2 d5 (38... Ne7 $16 39. Ne3 d5) 39. exd5 Rxd5 40. Ne3 Rb5 41. Ra8 c5 (41... Bb6 $142 42. Ke4 Rb4) 42. d5 (42. Nxh5 c4+ 43. Kxc4 Rxh5 $11) 42... Rb2 43. f4 ({Not} 43. Nxh5 Ne5+ 44. Ke4 Rxf2 $16) 43... Rb3+ 44. Ke2 c4 $2 (44... Bxf4 45. gxf4 Nxf4+ 46. Kf2 Nd3+ 47. Kf3 Ne5+ 48. Ke4 Rb4+ 49. Kf5 Rxh4) 45. Nxh5 (45. Nxc4 Rxg3 46. Nxh5 Nxf4+ 47. Nxf4 Bxf4 $11) 45... Rb2+ 46. Kf3 Rb3 47. Nxf6+ Ke7 48. Ra7 (48. Ng8+ $142 Kd6 49. Ke4 (49. Ra6+ Kd7 $18)) 48... Kd8 $2 {[%emt 0:00:21] [#]} (48... Kxf6 49. Rxc7 Ne7) 49. d6 $1 Rxe3+ 50. Kf2 {[%emt 0:00:10] Weighted Error Value: White=0.21 (precise) /Black=0.32.  Mistake:       	---       	Black=7      Inaccurate:     	White=4     	Black=5      OK:         	White=18    	Black=12     Best:        	White=2     	---} 1-0